Map: Cactus Valley LE (Void)

Players

ByuN

  • Race: Terran Terran
  • Spawn Location: 11:00

Solar - Winner!

  • Race: Zerg Zerg
  • Spawn Location: 5:00

VOD

https://youtu.be/nOOvXLvIHB4

Description

byun vs solar 4:15 hellbat timing

Time

  • Played on: Jan. 27, 2017, 6:01 a.m.
  • Length: 14:00
Show
View Real Time Build Order
Export as new Build Order

ByuN Terran 

Build Orders: Liberator Opening, Reaper Expand, MMM Bio 

Get SALT Encoding   

  12  0:02  SCV  
  13  0:14  SCV  
  14  0:18  Supply Depot  
  14  0:26  SCV  
  15  0:29  Refinery  
  15  0:39  SCV  
  16  0:45  Barracks  
  16  0:52  SCV  
  17  1:04  SCV  
  18  1:16  SCV  
  19  1:32  Reaper, Orbital Command  
  20  1:44  Command Center  
  20  1:53  Factory  
  20  1:57  SCV  
  21  2:03  Refinery  
  21  2:07  Barracks Reactor  
  21  2:09  SCV  
  22  2:18  Supply Depot  
  22  2:22  SCV  
  23  2:39  SCV  
  23  2:40  Starport  
  24  2:49  Hellion x2  
  28  2:52  SCV  
  28  2:54  Marine  
  28  2:55  Orbital Command  
  30  3:04  SCV  
  31  3:11  Hellion x2  
  31  3:12  Marine  
  36  3:20  Medivac  
  38  3:28  Armory  
  38  3:33  Marine  
  38  3:34  Supply Depot  
  39  3:36  Hellion  
  39  3:39  Hellion  
  43  3:42  Liberator, SCV x2  
  45  4:01  Hellion x2  
  52  4:05  SCV x2  
  52  4:06  Supply Depot  
  54  4:10  Barracks Tech Lab  
  54  4:15  Supply Depot  
  54  4:27  SCV x2  
  54  4:29  Hellion x2  
  59  4:39  SCV  
  59  4:40  SCV  
  56  4:47  Marine  
  56  4:48  Stimpack  
  61  4:58  Command Center  
  59  5:00  SCV  
  59  5:01  SCV  
  59  5:05  Marine  
  62  5:13  SCV  
  59  5:15  SCV  
  59  5:16  Factory Tech Lab  
  55  5:22  Starport Reactor  
  55  5:23  Marine  
  55  5:25  SCV  
  55  5:26  Barracks  
  55  5:27  SCV  
  55  5:28  Barracks  
  52  5:32  Bunker  
  52  5:35  Siege Tank  
  55  5:37  SCV  
  55  5:40  SCV  
  55  5:41  Marine  
  55  5:42  Engineering Bay  
  58  5:44  Refinery  
  58  5:45  Refinery  
  58  5:47  Engineering Bay  
  58  5:49  SCV  
  59  5:52  SCV  
  60  6:01  SCV  
  60  6:02  Marine  
  60  6:04  SCV  
  63  6:07  Siege Tank  
  66  6:11  Orbital Command  
  66  6:12  Starport Reactor  
  66  6:13  SCV  
  66  6:14  Barracks  
  66  6:16  Barracks, Terran Infantry Weapons Level 1  
  67  6:19  Marine  
  67  6:22  Marine x2  
  70  6:26  Terran Infantry Armor Level 1  
  70  6:29  SCV  
  70  6:30  SCV  
  70  6:32  Supply Depot  
  72  6:34  Supply Depot  
  71  6:41  Marine x5  
  71  6:44  SCV  
  77  6:49  SCV, Medivac  
  77  6:50  Medivac  
  77  6:53  Orbital Command, Supply Depot  
  82  6:57  Terran Vehicle Weapons Level 1  
  82  7:04  Marine x2, Barracks Reactor  
  82  7:05  Marine x3  
  82  7:07  Barracks Reactor  
  87  7:11  Supply Depot  
  87  7:12  SCV  
  87  7:13  SCV  
  89  7:19  SCV  
  89  7:22  Marine x3  
  91  7:23  Marine x2  
  91  7:25  SCV, Combat Shields  
  91  7:29  SCV  
  97  7:31  SCV  
  97  7:37  SCV  
  98  7:42  Supply Depot  
  98  7:43  SCV x2  
  100  7:48  Marine x7, Supply Depot  
  100  7:49  SCV  
  108  7:51  Marine x2  
  108  7:55  SCV  
  108  7:56  SCV  
  112  7:59  Factory Reactor  
  112  8:01  SCV, Supply Depot  
  113  8:07  Medivac x2, Supply Depot  
  113  8:10  Marine x6  
  123  8:13  Marine  
  124  8:23  Marine  
  124  8:24  Marine  
  102  8:28  Marine x6  
  102  8:29  Terran Infantry Weapons Level 2  
  102  8:31  Marine  
  102  8:32  Terran Infantry Armor Level 2  
  109  8:41  Marine x2  
  109  8:42  Barracks  
  109  8:43  Barracks  
  109  8:45  Widow Mine x2, Concussive Shells  
  109  8:46  Marine  
  116  8:53  Supply Depot  
  116  8:55  Marine x4  
  116  8:56  Marine x2  
  116  8:59  Marine  
  116  9:00  Marauder  
  125  9:05  Terran Vehicle And Ship Armor Level 1  
  125  9:06  Medivac x2  
  129  9:13  Widow Mine x2, Barracks  
  133  9:17  Marine x3  
  133  9:18  Marine x4  
  133  9:21  Marauder  
  142  9:25  Marine  
  140  9:34  Marine  
  140  9:35  Marine x2  
  134  9:39  Marine x2  
  134  9:42  Widow Mine x2  
  134  9:43  Marauder  
  142  9:52  Marine  
  134  9:53  Marine  
  134  9:54  Marine x2  
  134  9:57  Marine  
  133  10:01  Barracks Tech Lab, Marine x2  
  133  10:02  Barracks Tech Lab  
  133  10:04  Marauder  
  136  10:08  SCV x2  
  136  10:09  SCV  
  136  10:10  Widow Mine x2  
  143  10:16  Barracks Tech Lab  
  143  10:20  Marine x8  
  151  10:23  Marauder x2  
  151  10:24  Missile Turret  
  151  10:26  Marauder  
  157  10:34  Medivac x2, Supply Depot  
  161  10:38  Supply Depot  
  161  10:39  Widow Mine, Supply Depot  
  150  10:48  Marauder x3  
  155  10:50  Marine x3  
  155  10:54  Marine x3  
  161  10:57  Marine  
  161  11:00  Marine  
  163  11:04  Medivac x2  
  163  11:07  Widow Mine  
  163  11:08  Marine x3  
  163  11:09  Marine  
  167  11:12  Marauder x2  
  167  11:13  Marine x3  
  167  11:14  Marine  
  167  11:18  Marine  
  165  11:22  Widow Mine  
  165  11:24  Marauder  
  170  11:27  Marauder  
  172  11:33  Marauder  
  172  11:34  Marauder  
  172  11:35  Marine x5  
  172  11:37  Marine x3  
  180  11:46  Marauder  
  182  11:52  Marine  
  173  11:54  Marine  
  173  11:55  Marine  
  173  11:56  Widow Mine x2  
  173  11:57  Marine  
  173  12:01  Marine x2  
  156  12:05  Marine  
  156  12:07  Marine  
  135  12:11  Marine  
  135  12:12  Marine  
  135  12:13  Marine  
  136  12:18  Marauder  
  136  12:21  Marauder  
  140  12:24  Widow Mine  
  140  12:25  Marine x6  
  147  12:32  Marine x2  
  147  12:33  Marine  
  147  12:36  Marine  
  150  12:40  Marine  
  150  12:41  Marine  
  150  12:43  Marine x4  
  149  12:44  Marine x2  
  149  12:49  Marine  
  149  12:50  Marine  
  145  12:51  Marine  
  145  12:54  Marine  
  145  12:57  Widow Mine  
  145  12:58  Marine  
  109  12:59  Marine  
  109  13:05  Orbital Command, Marine x3  
  106  13:07  Marine  
  106  13:12  Marine  
  108  13:13  Marine x5  
  108  13:19  Marine x2  
  115  13:23  Marine x3  
  115  13:25  Marine  
  119  13:31  Marauder  
  119  13:32  Marauder  
  118  13:37  Marine  
  118  13:38  Marine x3  
  118  13:39  Marine  
  103  13:48  Unknown x2  
Show
View Real Time Build Order
Export as new Build Order

Solar Zerg - Winner!

Build Orders: Hatch First, Muta Ling Bane 

Get SALT Encoding   

  12  0:01  Drone  
  13  0:12  Overlord  
  13  0:18  Drone  
  14  0:31  Drone x2  
  17  0:35  Drone  
  17  0:52  Hatchery  
  17  0:54  Drone  
  17  0:58  Drone  
  18  1:05  Extractor  
  17  1:13  Spawning Pool  
  17  1:17  Drone  
  17  1:20  Drone  
  18  1:28  Drone  
  19  1:39  Overlord  
  19  1:50  Drone  
  20  2:00  Queen  
  22  2:01  Zergling x2  
  22  2:04  Queen  
  22  2:05  Zergling x2  
  22  2:06  Metabolic Boost  
  26  2:13  Drone  
  26  2:15  Drone  
  28  2:31  Hatchery  
  28  2:33  Drone  
  28  2:36  Drone  
  29  2:38  Drone  
  29  2:42  Drone  
  31  2:47  Overlord  
  31  2:50  Drone  
  32  2:54  Drone  
  33  3:00  Drone  
  34  3:06  Drone  
  34  3:08  Drone x4  
  39  3:12  Queen  
  39  3:14  Drone  
  39  3:19  Overlord  
  42  3:21  Drone  
  42  3:25  Drone  
  43  3:37  Overlord  
  43  3:38  Zergling x2  
  43  3:39  Zergling x4  
  46  3:44  Queen  
  46  3:45  Drone  
  46  3:46  Drone  
  46  3:47  Drone x3  
  53  3:52  Queen  
  55  3:58  Drone x2  
  55  4:01  Overlord  
  57  4:07  Zergling x2, Roach Warren, Extractor  
  57  4:08  Zergling x2, Extractor  
  56  4:12  Zergling x2  
  56  4:16  Zergling x2  
  58  4:20  Queen  
  58  4:21  Zergling x8  
  58  4:23  Zergling x2  
  65  4:25  Overlord  
  65  4:29  Overlord  
  64  4:33  Overlord  
  64  4:36  Overlord  
  62  4:40  Overlord, Zergling x2  
  62  4:41  Zergling x2  
  56  4:50  Drone x2  
  56  4:51  Drone  
  59  4:53  Queen  
  59  4:56  Drone  
  59  4:57  Spore Crawler  
  61  5:00  Roach x2  
  61  5:03  Roach  
  61  5:06  Drone  
  68  5:15  Roach x2  
  68  5:17  Roach  
  71  5:25  Roach x2  
  69  5:30  Drone x2  
  69  5:31  Drone x2  
  69  5:32  Drone  
  74  5:36  Lair  
  74  5:44  Drone x4  
  74  5:47  Ravager  
  74  5:48  Ravager  
  74  5:49  Ravager  
  81  5:50  Drone  
  81  5:54  Drone  
  81  5:55  Evolution Chamber  
  81  5:56  Evolution Chamber  
  81  6:01  Drone x2  
  81  6:03  Drone x2  
  85  6:07  Drone x3  
  85  6:08  Drone  
  85  6:09  Drone x4  
  85  6:10  Extractor  
  92  6:12  Drone x2  
  92  6:18  Drone  
  95  6:23  Extractor  
  95  6:24  Drone, Extractor  
  95  6:25  Drone, Zerg Ground Armor Level 1, Zerg Melee Weapons Level 1  
  95  6:27  Drone  
  96  6:34  Drone  
  96  6:35  Drone x2  
  96  6:36  Drone  
  96  6:39  Spire  
  99  6:41  Baneling Nest  
  99  6:45  Spire, Drone  
  99  6:47  Drone  
  99  6:50  Drone x2  
  99  6:51  Hatchery, Glial Reconstitution  
  101  6:54  Zergling x2  
  101  6:55  Zergling x6  
  101  6:56  Zergling x2  
  106  7:02  Overlord x2  
  106  7:03  Overlord  
  106  7:08  Hatchery  
  105  7:11  Overlord x2  
  105  7:12  Overlord  
  105  7:23  Zergling x10  
  105  7:24  Zergling x8  
  105  7:29  Centrifical Hooks  
  114  7:33  Drone  
  114  7:35  Drone x2  
  117  7:42  Ravager, Baneling x3  
  117  7:43  Zergling x6, Baneling x2  
  117  7:44  Zergling x6  
  124  7:52  Roach x2, Zergling x8  
  132  7:59  Baneling x4  
  132  8:00  Baneling x2  
  132  8:01  Ravager, Overlord  
  132  8:03  Zergling x2  
  132  8:04  Zergling x4  
  136  8:09  Zergling x6  
  136  8:23  Mutalisk x7  
  136  8:25  Mutalisk x2  
  142  8:31  Queen  
  142  8:32  Mutalisk  
  145  8:36  Overlord  
  145  8:38  Drone  
  145  8:39  Zergling x4  
  145  8:40  Zergling x20  
  156  8:43  Zerg Flyer Weapons Level 1  
  156  8:47  Drone x4  
  160  8:48  Extractor  
  160  8:51  Overseer, Baneling x2  
  160  8:52  Pneumatized Carapace  
  159  9:04  Overlord  
  159  9:05  Zergling x2  
  159  9:06  Zergling x16  
  168  9:20  Baneling  
  168  9:21  Baneling x4  
  168  9:22  Baneling x9  
  168  9:24  Zergling x6  
  168  9:25  Zergling x16  
  168  9:26  Zergling x2  
  168  9:27  Zergling x4  
  168  9:29  Baneling x2  
  168  9:30  Overlord  
  181  9:31  Overlord x2  
  181  9:33  Overlord  
  181  9:35  Overlord  
  181  9:37  Overlord  
  178  9:39  Overlord  
  178  9:42  Overlord  
  178  9:45  Overlord  
  175  9:52  Mutalisk x6  
  171  9:58  Mutalisk x2  
  180  10:02  Zergling x8  
  184  10:08  Zergling x6  
  184  10:10  Zerg Ground Armor Level 2  
  184  10:13  Zergling x4  
  183  10:18  Zerg Melee Weapons Level 2  
  183  10:21  Drone x5  
  185  10:22  Drone  
  189  10:34  Zergling x14  
  189  10:35  Zergling x2  
  197  10:38  Zergling x4  
  199  10:47  Zerg Flyer Weapons Level 2  
  199  10:52  Baneling x11  
  199  10:53  Baneling  
  199  10:54  Baneling x9  
  199  10:56  Hatchery  
  198  11:05  Zergling x6  
  198  11:08  Queen  
  198  11:09  Drone x4  
  198  11:10  Drone  
  196  11:13  Mutalisk x2  
  197  11:19  Zergling x2  
  197  11:20  Zergling x2  
  199  11:27  Baneling  
  199  11:28  Baneling x10  
  196  11:38  Zergling x28  
  196  11:39  Infestation Pit  
  197  11:44  Drone x3  
  198  11:47  Baneling x2  
  198  11:48  Baneling x8  
  194  11:57  Zergling x2  
  194  11:58  Zergling x14  
  175  12:02  Zergling x2  
  175  12:03  Zergling x6  
  175  12:06  Zergling x4  
  167  12:11  Zergling x10  
  167  12:13  Overseer  
  165  12:18  Baneling x9  
  165  12:19  Baneling x4  
  165  12:20  Baneling  
  165  12:24  Zergling x8  
  165  12:29  Mutalisk x3  
  169  12:35  Zergling x2  
  169  12:36  Zergling x10  
  176  12:39  Zergling x8  
  173  12:45  Zergling x14  
  173  12:47  Baneling  
  173  12:48  Baneling x3  
  168  12:55  Mutalisk  
  168  12:56  Mutalisk x3  
  168  12:57  Zergling x2  
  168  12:58  Zergling x4  
  161  12:59  Zergling x2  
  161  13:00  Zergling x2  
  161  13:02  Overseer  
  163  13:07  Zergling x4  
  163  13:11  Baneling x9  
  163  13:12  Baneling  
  165  13:16  Baneling x7  
  165  13:17  Baneling x2  
  165  13:20  Zergling x2  
  165  13:21  Zergling x6  
  165  13:26  Baneling  
  165  13:27  Zergling x6, Baneling x7  
  167  13:37  Zergling x18  
Tags
 
Add a new tag
Caveats
  • Supply blocks, unpowered buildings, or Contaminate may cause inaccurate times.
  • Supply counts are checked every 10 seconds.